AoeStats
← 739697286

Black Forest

506630301Analyzed
4v4 RM · 19d ago on Sep 14, 2026· 50m 1s· 8 players
Game mode
Random Map
Map size
Large (8 player)
Population
200
Speed
Normal
Resources
Standard
Victory
Conquest
Starting age
Dark Age
Ending age
Imperial Age
RankedLock teamsTeams togetherTeam positionsShared explorationLock speedFull tech treeHidden civsTurbo modeCheats
Victory
Defeat
🇨🇳 Mongols · China
1506
+11
🇨🇳 Aztecs · China
1448
+13
🇬🇧 Georgians · United Kingdom
1434
+14
🇨🇳 Persians · China
1430
+14
🇭🇰 Jurchens · Hong Kong SAR China
1429
-15
🇨🇳 Goths · China
1378
-13
🇨🇳 Bohemians · China
1365
-12
🇨🇳 Franks · China
1361
-12
JN-
1:04 Loom
17:15 Feudal Age
20:52 Castle Age
19:11 Fishing Lines
19:48 Double-Bit Axe
19:49 Horse Collar
21:46 Bow Saw
21:39 Heavy Plow
22:00 Town Watch
25:00 Wheelbarrow
25:10 Gillnets
27:43 Gold Mining
29:20 Hand Cart
32:48 Imperial Age
30:19 Stone Mining
30:58 Padded Archer Armor
31:58 Leather Archer Armor
32:13 Fletching
32:17 Guard Tower
32:47 Ballistics
33:08 Caravan
33:30 Ballistics
33:21 Masonry
34:30 Chemistry
34:30 Keep
33:40 Arrowslits
34:32 Stone Shaft Mining
33:44 Treadmill Crane
34:35 Conscription
34:25 Svan Towers
34:06 Treadmill Crane
34:38 Masonry
34:14 Arrowslits
34:42 Masonry
34:53 Ballistics
34:18 Arrowslits
34:46 Murder Holes
36:24 Coinage
37:49 Banking
37:30 Guilds
38:28 Bodkin Arrow
41:54 Bracer
42:38 Architecture
42:13 Siege Engineers
43:52 Hoardings
45:30 Forging
45:25 Scale Barding Armor
46:47 Iron Casting
46:59 Bloodlines
46:49 Husbandry
46:10 Light Cavalry
48:30 Crop Rotation
48:52 Chain Barding Armor
50:10 Blast Furnace
50:41 Plate Barding Armor
49:57 Hussar
适才相戏尔
6:29 Loom
8:59 Feudal Age
9:27 Double-Bit Axe
9:16 Man-at-Arms
18:16 Horse Collar
18:34 Gold Mining
20:02 Fishing Lines
22:11 Wheelbarrow
21:39 Stone Mining
25:09 Castle Age
27:43 Hand Cart
30:17 Imperial Age
28:28 Heavy Plow
27:59 Pikeman
28:39 Squires
29:46 Sanctity
30:08 Hand Cart
30:07 Fervor
30:53 Gold Shaft Mining
30:52 Devotion
30:49 Herbal Medicine
31:29 Conscription
31:38 Block Printing
31:49 Illumination
33:08 Scale Mail Armor
34:40 Garland Wars
35:30 Chain Mail Armor
35:28 Forging
36:27 Bow Saw
38:01 Plate Mail Armor
38:07 Iron Casting
38:34 Atonement
40:07 Blast Furnace
39:51 Faith
39:41 Redemption
42:54 Theocracy
42:41 Heresy
46:38 Caravan
47:55 Fletching
48:28 Ballistics
49:08 Chemistry
48:44 Coinage
49:28 Bodkin Arrow
50:15 Banking
49:19 Onager
第一滴血
10:28 Feudal Age
13:55 Castle Age
12:12 Double-Bit Axe
12:08 Horse Collar
16:07 Wheelbarrow
15:42 Bow Saw
16:31 Loom
20:17 Hand Cart
22:13 Gold Mining
22:14 Stone Mining
27:27 Imperial Age
25:57 Gold Shaft Mining
25:52 Ballistics
26:44 Stone Shaft Mining
26:51 Heavy Plow
27:13 Fletching
27:38 Onager
27:51 Capped Ram
29:27 Conscription
29:19 Bodkin Arrow
30:40 Chemistry
30:27 Bracer
30:28 Padded Archer Armor
31:04 Elite Mangudai
32:51 Thumb Ring
33:12 Parthian Tactics
33:03 Leather Archer Armor
33:02 Bloodlines
32:53 Husbandry
34:44 Siege Ram
36:10 Drill
37:42 Coinage
39:45 Banking
40:42 Siege Onager
45:22 Loom
50:24 Siege Engineers
50:30 Masonry
739697286
6:32 Loom
6:42 Loom
12:11 Feudal Age
16:16 Castle Age
14:30 Horse Collar
14:38 Double-Bit Axe
16:04 Gold Mining
16:53 Heavy Plow
17:25 Bow Saw
18:31 Stone Mining
28:53 Gold Shaft Mining
29:19 Wheelbarrow
31:08 Hand Cart
31:12 Squires
30:32 Pikeman
30:38 Pikeman
33:12 Stone Shaft Mining
35:32 Imperial Age
34:16 Bloodlines
34:06 Husbandry
33:27 Light Cavalry
34:20 Forging
34:00 Fletching
34:16 Scale Barding Armor
34:12 Padded Archer Armor
34:12 Scale Mail Armor
34:05 Crossbowman
35:09 Masonry
35:07 Kamandaran
35:44 Thumb Ring
36:26 Iron Casting
35:47 Bodkin Arrow
36:20 Conscription
37:21 Chain Barding Armor
37:17 Leather Archer Armor
36:23 Cavalier
36:24 Hussar
37:23 Caravan
38:58 Chemistry
38:29 Architecture
37:56 Savar
42:16 Blast Furnace
44:20 Plate Barding Armor
Flyant
5:21 Loom
10:56 Feudal Age
15:00 Castle Age
13:02 Double-Bit Axe
16:07 Bow Saw
21:09 Wheelbarrow
23:05 Stone Mining
23:49 Gold Mining
28:27 Imperial Age
26:53 Hand Cart
27:28 Scale Barding Armor
27:33 Forging
28:15 Gold Shaft Mining
28:31 Chain Barding Armor
27:59 Town Watch
29:36 Conscription
29:09 Cavalier
29:49 Husbandry
30:29 Iron Casting
31:00 Chivalry
31:52 Plate Barding Armor
32:17 Blast Furnace
30:46 Paladin
33:03 Chemistry
32:08 Siege Engineers
34:47 Devotion
36:51 Faith
40:17 Coinage
39:47 Caravan
40:04 Scale Mail Armor
39:55 Fletching
40:05 Padded Archer Armor
45:47 Elite Throwing Axeman
46:47 #83
49:16 Light Cavalry
人生😈百态
0:48 Loom
17:52 Feudal Age
18:49 Double-Bit Axe
24:12 Town Watch
28:49 Castle Age
27:16 Horse Collar
34:06 Imperial Age
33:09 Bow Saw
34:45 Chemistry
36:03 Block Printing
36:26 Conscription
kinwaleung18
0:38 Loom
10:57 Feudal Age
13:25 Double-Bit Axe
16:08 Horse Collar
20:33 Gold Mining
20:30 Fishing Lines
23:10 Castle Age
25:02 Bow Saw
29:54 Imperial Age
27:38 Fletching
28:01 Stone Mining
28:34 Guard Tower
29:04 Ballistics
29:29 Fortified Wall
30:13 Gillnets
30:59 Bodkin Arrow
31:09 Fortified Bastions
31:33 Treadmill Crane
33:48 Keep
34:38 Wheelbarrow
36:22 Stone Shaft Mining
36:04 Hand Cart
35:54 Heavy Rocket Cart
37:50 Chemistry
36:38 Arrowslits
37:32 Siege Engineers
41:00 Hoardings
42:08 Chemistry
41:46 Gold Shaft Mining
44:29 Elite Skirmisher
45:35 Conscription
45:45 Masonry
45:40 Bracer
45:40 Padded Archer Armor
45:54 Town Watch
47:08 Devotion
48:34 Leather Archer Armor
安拉的使者
0:58 Loom
10:15 Feudal Age
15:20 Castle Age
13:51 Horse Collar
14:41 Double-Bit Axe
16:39 Wheelbarrow
17:42 Heavy Plow
20:29 Gold Mining
25:26 Town Watch
26:26 Hand Cart
26:27 Bow Saw
27:06 Stone Mining
32:26 Imperial Age
30:18 Scale Mail Armor
30:29 Forging
30:59 Anarchy
31:11 Forging
30:53 Fletching
31:24 Chain Mail Armor
31:29 Scale Barding Armor
32:33 Iron Casting
31:32 Pikeman
32:12 Squires
33:29 Conscription
33:21 Guilds
33:59 Stone Shaft Mining
34:45 Chemistry
33:36 Halberdier
34:27 Perfusion
35:38 Blast Furnace
34:57 Onager
35:01 Man-at-Arms
36:34 Town Patrol
36:06 Elite Huskarl
42:56 Bodkin Arrow
49:02 Capped Ram
Connection lost

Rejoining the realm…

Still unreachable

The connection could not be restored.

Session expired

The server has moved on; the page needs a fresh start.